 Dungeon Crawl Stone Soup version 0.21.1-1-g345015f (webtiles) character file.

530 Krilegs the Skirmisher (level 7, -2/64 HPs)
             Began as a Minotaur Fighter on May 8, 2018.
             Was a Follower of Makhleb.
             Slain by a gnoll (6 damage)
             ... on level 4 of the Dungeon.
             The game lasted 00:06:03 (2322 turns).

Krilegs the Skirmisher (Minotaur Fighter)           Turns: 2322, Time: 00:06:03

Health: -2/64      AC:  7    Str: 22    XL:     7   Next: 3%
Magic:  6/6        EV:  7    Int:  5    God:    Makhleb [*.....]
Gold:   202        SH:  9    Dex: 10    Spells: 6/6 levels left

rFire    . . .     SeeInvis .   a - +0 trident
rCold    . . .     Gourm    .   c - +0 shield
rNeg     . . .     Faith    .   b - +0 scale mail
rPois    .         Spirit   .   (helmet restricted)
rElec    .         Reflect  .   (no cloak)
rCorr    .         Harm     .   (no gloves)
MR       .....                  (no boots)
Stlth    ..........             (no amulet)
HPRegen  0.20/turn              (no ring)
MPRegen  0.10/turn              (no ring)

@: no status effects
A: retaliatory headbutt, horns 2
a: Renounce Religion


You were on level 4 of the Dungeon.
You worshipped Makhleb.
Makhleb was aware of your devotion.
You were not hungry.

You visited 1 branch of the dungeon, and saw 4 of its levels.

You collected 202 gold pieces.

Inventory:

Hand Weapons
 a - a +0 trident (weapon)
Armour
 b - a +0 scale mail (worn)
 c - a +0 shield (worn)
Scrolls
 d - a scroll of blinking {unknown}
 e - 5 scrolls of identify
 g - a scroll of remove curse {unknown}
 h - a scroll of teleportation
 i - a scroll of fog
 j - a scroll of enchant armour {unknown}
 k - a scroll of magic mapping
Comestibles
 f - 5 rations


   Skills:
 * Level 6.7 Fighting
 + Level 5.8 Polearms
 + Level 5.5 Armour
 - Level 3.6 Shields


You had 6 spell levels left.
You didn't know any spells.

Dungeon Overview and Level Annotations

Branches:
Dungeon (4/15)
 Temple: D:4-7

Altars:
Ashenzari
Makhleb
Xom
Beogh


Innate Abilities, Weirdness & Mutations

You reflexively headbutt those who attack you in melee.
You have a pair of horns on your head.


Message History

You hit the gnoll. Your headbutt misses the gnoll.
The gnoll is almost dead.
You block the gnoll's attack. x2
You completely miss the gnoll.
You kill the gnoll!
Makhleb accepts your kill. The gnoll hits you but does no damage.
You block the gnoll's attack.
Things that are here:
a club; a spear; a gnoll corpse Your shield and scale mail prevent you from hitting the gnoll.
The gnoll is severely wounded.
The gnoll hits you but does no damage.
You closely miss the gnoll.
The gnoll is severely wounded.
You block the gnoll's attack.
You hit the gnoll.
The gnoll is severely wounded.
The gnoll hits you.
You die...

####.#####..
#....
#..$........
#.###
#.......##..
#.###
####.......#
###.#..
...%.......#
....#.#
.##........###
#####...
##.........#
.(......
#.......#.._
####...
####@##.###.
##.#
######g##.#
#.#
#.<.....#.#
#.#
#?#####...#
#<# %#.# #.#
.#.# #.# .# #
#.# .. #.# ..
#.#


You could see a gnoll.

Vanquished Creatures
  The ghost of Krilegs the Skirmisher, an amateur DsAK of Lugonu (D:3)
  An ogre (D:4)
  A scorpion (D:4)
  An orc priest (D:3)
  Jessica (D:3)
  An orc wizard (D:3)
  A hound skeleton (D:3)
  3 gnolls (D:4)
  5 adders
  2 dart slugs (D:1)
  4 worms
  A leopard gecko (D:3)
  11 orcs (D:3)
  A ball python (D:2)
  9 goblins
  9 hobgoblins
  3 jackals (D:3)
  5 bats
  6 frilled lizards
  A jackal skeleton (D:4)
  5 kobolds
  A quokka skeleton (D:4)
  8 rats
81 creatures vanquished.

Notes
Turn   | Place    | Note
-------+----------+-------------------------------------------
     0 | D:1      | Krilegs the Minotaur Fighter began the quest for the Orb.
     0 | D:1      | Reached XP level 1. HP: 19/19 MP: 0/0
   129 | D:1      | Reached skill level 4 in Fighting
   141 | D:1      | Reached XP level 2. HP: 22/27 MP: 1/1
   414 | D:1      | Reached XP level 3. HP: 30/34 MP: 2/2
   864 | D:3      | Reached skill level 5 in Fighting
   968 | D:3      | Reached XP level 4. HP: 33/42 MP: 3/3
  1229 | D:3      | Noticed Jessica
  1232 | D:3      | Killed Jessica
  1629 | D:3      | Reached XP level 5. HP: 45/48 MP: 4/4
  1642 | D:3      | Noticed Krilegs's ghost (amateur DsAK)
  1666 | D:3      | Killed Krilegs's ghost
  1666 | D:3      | Reached skill level 6 in Fighting
  1666 | D:3      | Reached skill level 5 in Armour
  1666 | D:3      | Reached XP level 6. HP: 25/57 MP: 5/5
  1720 | D:3      | Found a faded altar of an unknown god.
  1751 | D:3      | Found a roughly hewn altar of Beogh.
  1764 | D:3      | Reached skill level 5 in Polearms
  1866 | D:3      | Found a shattered altar of Ashenzari.
  1913 | D:3      | Became a worshipper of Makhleb the Destroyer
  1913 | D:3      | Reached * piety under Makhleb
  2293 | D:4      | Found a shimmering altar of Xom.
  2315 | D:4      | Reached XP level 7. HP: 14/64 MP: 6/6
  2316 | D:4      | HP: 2/64 [gnoll (5)]
  2322 | D:4      | Slain by a gnoll

Skill      XL: |  1  2  3  4  5  6 |
---------------+-------------------+-----
Fighting       | 4 5 6 |  6.7
Polearms       | 3 4 5 |  5.8
Armour         | 4 5 |  5.5
Shields        | |  3.6

Action                   |  1- 3 |  4- 6 |  7- 9 || total
-------------------------+-------+-------+-------++-------
Melee: Trident           |   113 |    97 |     6 ||   216
       Headbutt          |    13 |    21 |     1 ||    35
  Use: Potion            |     5 |     1 |       ||     6
       Scroll            |     5 |     1 |       ||     6
  Eat: Chunk             |       |     3 |       ||     3
       Ration            |       |     1 |       ||     1
Armor: Scale mail        |    55 |    35 |     2 ||    92
Dodge: Dodged            |    41 |    26 |     1 ||    68
Block: Shield            |    61 |    64 |     4 ||   129
